 Dungeon Crawl Stone Soup version 0.21-a0-2-ge494091 (webtiles) character file.

13 inmateoo the Insei (level 2, 0/18 HPs)
             Began as an Octopode Transmuter on May 21, 2017.
             Slain by 100P's ghost (13 damage)
             ... on level 3 of the Dungeon.
             The game lasted 00:00:47 (424 turns).

inmateoo the Insei (Octopode Transmuter)             Turns: 424, Time: 00:00:48

Health: 0/18       AC:  1    Str:  9    XL:     2   Next: 37%
Magic:  5/5        EV: 10    Int: 15    God:
Gold:   11         SH:  0    Dex: 12    Spells: 2/5 levels left

rFire    . . .     SeeInvis .     - Unarmed
rCold    . . .     Gourm    .   (no shield)
rNeg     . . .     Faith    .   (helmet restricted)
rPois    .         Spirit   .   (no amulet)
rElec    .         Reflect  .   (no ring)
rCorr    .         Harm     .   (no ring)
MR       .....                  (no ring)
Stlth    ++........             (no ring)
Regen    0.1/turn               (no ring)
MPRegen  0.1/turn               (no ring)
                                (no ring)
                                (no ring)

@: constricted
A: almost no armour, stealthy swim, amphibious, 8 rings, constrict 8, camouflage
1, gelatinous body 1
a: no special abilities


You were on level 3 of the Dungeon.
You were not hungry.

You visited 1 branch of the dungeon, and saw 3 of its levels.

You collected 11 gold pieces.

Inventory:

Missiles
 a - 12 arrows
Scrolls
 e - a scroll of fear {unknown}
 h - a scroll of remove curse {unknown}
 j - a scroll of teleportation {unknown}
Potions
 d - a potion of berserk rage {unknown}
 f - a potion of mutation {unknown}
 g - a potion of heal wounds {unknown}
Books
 b - a book of Changes

   Spells                             Type                      Level
   a - Beastly Appendage              Transmutation                1
   b - Sticks to Snakes               Transmutation                2
   c - Spider Form                    Transmutation/Poison         3
   d - Ice Form                       Ice/Transmutation            4
   e - Blade Hands                    Transmutation                5
Comestibles
 c - a bread ration


   Skills:
 + Level 1.2 Fighting
 + Level 2.1 Dodging
 * Level 3.2 Unarmed Combat
 + Level 2.1 Spellcasting
 * Level 2.3 Transmutations


You had 2 spell levels left.
You knew the following spells:

 Your Spells              Type           Power        Failure   Level  Hunger
a - Beastly Appendage     Tmut           #.....       9%          1    #......
b - Sticks to Snakes      Tmut           #.......     13%         2    ###....


Dungeon Overview and Level Annotations

Branches:
Dungeon (3/15)

Altars:
Uskayaw
Vehumet

Annotations:
D:3 100P's ghost, amateur DsGl


Innate Abilities, Weirdness & Mutations

You cannot wear most types of armour.
You are very stealthy in the water. (Stealth+)
You are amphibious.
You can wear up to eight rings at the same time.
You can use your tentacles to constrict eight enemies at once.
Your skin changes colour to match your surroundings (Stealth+).
Your rubbery body absorbs attacks. (AC +1, EV +1)


Message History

You kill the bat!
You hear an angry hiss.
You see here a scroll labeled OTIAH KIEP WAO.
j - a scroll labeled OTIAH KIEP WAO All of the chunks of flesh in your inventory have rotted away.
Press: ? - help, v - describe, . - travel
Here: 100P's ghost The floor.
You open the door.
A ball python comes into view. 100P's ghost barely misses you.
There is an open door here.
The ball python hisses angrily.
The ball python bites you. The ball python grabs you.
The ball python constricts you.
The ball python's grasp on you weakens, but your attempt to escape fails.
The ball python bites you.
The ball python constricts you. 100P's ghost hits you!
Ouch! That really hurt!
You die...

........#############
.....................
........#.#..........
#####.#.#.#..........
# #.#.#..........
####'####.........
#.......#.........
#.W.....#.........
#@S###..#.......#.
#.'..# #..'.....#.#.
#.#..# #..##....#.#.
#.#.......#######.##
# #.......# #.#
####+### .#


You could see 100P's ghost and a ball python.

Vanquished Creatures
  A dart slug (D:2)
  A giant cockroach (D:1)
  A goblin (D:3)
  3 jackals (D:1)
  A kobold (D:1)
  3 bats
10 creatures vanquished.

Notes
Turn   | Place    | Note
-------+----------+-------------------------------------------
     0 | D:1      | inmateoo the Octopode Transmuter began the quest for the Orb.
     0 | D:1      | Reached XP level 1. HP: 13/13 MP: 3/3
   109 | D:1      | Reached XP level 2. HP: 14/18 MP: 3/5
   118 | D:1      | Learned a level 2 spell: Sticks to Snakes
   124 | D:2      | Found a radiant altar of Vehumet.
   136 | D:2      | Found a hide-covered altar of Uskayaw.
   137 | D:2      | Noticed a dagger
   137 | D:2      | Noticed a dagger
   403 | D:3      | Noticed 100P's ghost (amateur DsGl)
   424 | D:3      | Slain by 100P's ghost

Vault maps used:
D:1:      evilmike_arrival_rings
D:2:      kennysheep_okawaru_gauntlet, fiery_altar_vehumet,
          dancing_weapons_uskayaw, uniq_terence
D:3:      kennysheep_six_static_rooms, kennysheep_generic_room_11

Action                   || total
-------------------------++-------
Melee: Unarmed           ||    24
       Constrict         ||     9
       Kick              ||     4
       Tentacles         ||     5
       Punch             ||     2
 Cast: Beastly Appendage ||     1
 Stab: Sleeping          ||     1
Armor: Skin              ||     4
Dodge: Dodged            ||    18
